 Dungeon Crawl Stone Soup version 0.21.1-1-g345015f (webtiles) character file.

141 Stormphoenix the Cudgeler (level 5, 0/81 HPs)
             Began as an Ogre Berserker on June 20, 2018.
             Was a Believer of Trog.
             Slain by a sky beast (1 damage)
             ... on level 2 of the Dungeon.
             The game lasted 00:03:38 (1403 turns).

Stormphoenix the Cudgeler (Ogre Berserker)          Turns: 1403, Time: 00:03:39

Health: 0/81       AC:  4    Str: 26    XL:     5   Next: 24%
Magic:  5/5        EV: 16    Int:  8    God:    Trog [**....]
Gold:   65         SH:  0    Dex: 14    Spells: 4/4 levels left

rFire    + . .     SeeInvis .   k - +0 giant club
rCold    + . .     Gourm    .   (shield currently unavailable)
rNeg     . . .     Faith    .   b - +1 animal skin
rPois    +         Spirit   .   (helmet restricted)
rElec    +         Reflect  .   (no cloak)
rCorr    +         Harm     .   (gloves unavailable)
MR       .....                  (boots unavailable)
Stlth    ..........             (no amulet)
HPRegen  0.23/turn              (no ring)
MPRegen  0.09/turn              (no ring)

@: agile, berserking, resistant, very quick
A: large, unfitting armour, tough skin 1
a: Berserk, Trog's Hand, Burn Spellbooks, Renounce Religion


You were on level 2 of the Dungeon.
You worshipped Trog.
Trog was pleased with you.
You were not hungry.

You visited 1 branch of the dungeon, and saw 2 of its levels.

You collected 65 gold pieces.

Inventory:

Hand Weapons
 k - a +0 giant club (weapon)
Armour
 b - a +1 animal skin (worn)
 f - a +0 shield
Scrolls
 d - 2 scrolls of remove curse
 h - a scroll of enchant weapon {unknown}
 i - a scroll of teleportation {unknown}
Potions
 j - a potion of brilliance {unknown}
 l - a potion of haste {unknown}
 m - a potion of berserk rage
Comestibles
 c - 3 rations


   Skills:
 - Level 4.0 Fighting
 + Level 5.2 Maces & Flails
 - Level 2.6 Dodging


You had 4 spell levels left.
You didn't know any spells.

Dungeon Overview and Level Annotations

Branches:
Dungeon (2/15)

Altars:
Okawaru


Innate Abilities, Weirdness & Mutations

You are too large for most types of armour.
You have tough skin. (AC +1)


Message History

Something hits you.
* * * LOW HITPOINT WARNING * * *
Something shocks you. You resist.
* * * LOW HITPOINT WARNING * * *
It was a potion of berserk rage.
A red film seems to cover your vision as you go berserk!
You feel yourself moving faster!
You feel mighty! Something hits you but does no damage.
You hit something. Something hits you.
* * * LOW HITPOINT WARNING * * *
Something shocks you. You resist.
* * * LOW HITPOINT WARNING * * *
You barely miss something. Something hits you but does no damage.
You miss something. Something closely misses you.
You barely miss something. Something hits you but does no damage.
You closely miss something. Something barely misses you.
You closely miss something. Something hits you.
* * * LOW HITPOINT WARNING * * *
Something shocks you. You resist.
You die...

##### ########.....#
###########.....@{....$#
.....)......######.....#
....######### ..###
....# ## ....# ....#####
....########
........#####.#..
#..8..# ##.####.(.#..
#.# #.8_8.# #.#
#...###.###..8..#


There were no monsters in sight!

Vanquished Creatures
  An ogre (D:2)
  2 adders (D:2)
  2 worms (D:2)
  2 giant cockroaches (D:1)
  4 goblins
  5 hobgoblins
  3 jackals (D:1)
  A quokka (D:2)
  9 bats
  4 frilled lizards
  2 kobolds (D:1)
  4 rats
39 creatures vanquished.

Notes
Turn   | Place    | Note
-------+----------+-------------------------------------------
     0 | D:1      | Stormphoenix the Ogre Berserker began the quest for the Orb.
     0 | D:1      | Reached XP level 1. HP: 24/24 MP: 1/1
     6 | D:1      | Noticed a swamp worm
     6 | D:1      | Noticed a water moccasin
     6 | D:1      | Noticed a polar bear
     6 | D:1      | Noticed a four-headed hydra
     6 | D:1      | Noticed a komodo dragon
    43 | D:1      | Reached skill level 3 in Maces & Flails
    48 | D:1      | Reached XP level 2. HP: 30/32 MP: 2/2
   997 | D:2      | Reached XP level 3. HP: 39/39 MP: 3/3
  1015 | D:2      | Reached skill level 4 in Maces & Flails
  1100 | D:2      | Reached ** piety under Trog
  1143 | D:2      | Reached XP level 4. HP: 45/48 MP: 4/4
  1167 | D:2      | Found an iron altar of Okawaru.
  1348 | D:2      | Noticed an ogre
  1354 | D:2      | Killed an ogre
  1354 | D:2      | Reached skill level 5 in Maces & Flails
  1354 | D:2      | Reached XP level 5. HP: 54/54 MP: 5/5
  1374 | D:2      | Noticed a sky beast
  1398 | D:2      | HP: 4/81 [something (2)]
  1403 | D:2      | HP: 1/81 [something (4)]
  1403 | D:2      | Slain by a sky beast

Skill      XL: |  1  2  3  4 |
---------------+-------------+-----
Maces & Flails | 3 4 5 |  5.2
Fighting       | |  4.0
Dodging        | |  2.6

Action                   |  1- 3 |  4- 6 || total
-------------------------+-------+-------++-------
Melee: Mace              |    77 |    20 ||    97
       Giant club        |       |    23 ||    23
Invok: Berserk           |       |     1 ||     1
  Use: Scroll            |     3 |       ||     3
       Potion            |       |     3 ||     3
  Eat: Chunk             |     1 |       ||     1
       Ration            |       |     1 ||     1
Armor: Animal skin       |    38 |    33 ||    71
Dodge: Dodged            |    51 |    38 ||    89
